Map: Frozen Temple

Players

Radeus - Winner!

  • Race: Protoss Protoss
  • League: Gold

Gracz

  • Race: Protoss Protoss
  • League: Bronze

VOD

Have the link to the VOD?

Description

Time

  • Played on: Sept. 10, 2016, 11:30 a.m.
  • Length: 12:41
Show
View Real Time Build Order
Export as new Build Order

Radeus Protoss - Winner!

Build Orders: 1 Gate Expand, Blink Stalkers 

Get SALT Encoding   

  12  0:00  Probe (Chrono Boost)  
  13  0:16  Pylon  
  13  0:18  Probe (Chrono Boost)  
  14  0:29  Probe (Chrono Boost)  
  15  0:42  Probe (Chrono Boost)  
  16  0:44  Gateway  
  16  0:47  Assimilator  
  16  0:52  Probe (Chrono Boost)  
  17  1:03  Probe (Chrono Boost)  
  18  1:14  Probe (Chrono Boost)  
  19  1:25  Probe (Chrono Boost)  
  20  1:29  Nexus  
  20  1:44  Probe (Chrono Boost)  
  21  1:52  Cybernetics Core  
  21  1:57  Gateway  
  21  1:59  Probe (Chrono Boost)  
  22  2:10  Probe (Chrono Boost)  
  22  2:11  Pylon  
  22  2:14  Assimilator  
  23  2:34  Stalker  
  25  2:44  Stalker  
  27  2:57  Pylon  
  27  2:58  Probe x2 (Chrono Boost)  
  29  3:06  Robotics Facility  
  29  3:08  Probe (Chrono Boost)  
  29  3:09  Twilight Council  
  30  3:18  Mothership Core (Chrono Boost)  
  30  3:19  Probe (Chrono Boost)  
  33  3:24  Warp Gate  
  33  3:29  Probe (Chrono Boost)  
  34  3:36  Pylon  
  34  3:41  Stalker  
  36  3:51  Probe x2 (Chrono Boost)  
  38  3:59  Blink  
  39  4:03  Probe (Chrono Boost)  
  39  4:05  Probe (Chrono Boost)  
  39  4:07  Gateway  
  40  4:11  Gateway  
  40  4:15  Probe (Chrono Boost)  
  42  4:17  Probe (Chrono Boost)  
  42  4:27  Probe (Chrono Boost)  
  43  4:48  Probe x2 (Chrono Boost)  
  43  4:49  Assimilator  
  45  4:54  Observer  
  45  4:58  Stalker  
  45  4:59  Stalker  
  51  5:00  Stalker x2, Probe (Chrono Boost)  
  57  5:15  Probe x2 (Chrono Boost)  
  57  5:18  Assimilator  
  57  5:26  Observer  
  57  5:27  Pylon, Probe (Chrono Boost)  
  59  5:30  Pylon  
  59  5:35  Pylon  
  59  5:39  Probe (Chrono Boost)  
  56  6:12  Gateway  
  56  6:13  Gateway  
  56  6:15  Gateway  
  56  6:17  Immortal  
  60  6:20  Stalker x2  
  64  6:29  Forge  
  64  6:30  Forge  
  64  6:31  Stalker  
  64  6:32  Stalker  
  68  6:57  Stalker x4  
  76  7:14  Pylon  
  76  7:15  Pylon  
  76  7:17  Pylon  
  74  7:48  Stalker x3  
  74  7:49  Stalker x4  
  88  8:01  Robotics Facility  
  88  8:03  Robotics Facility  
  88  8:07  Nexus  
  88  8:11  Pylon  
  88  8:13  Pylon  
  88  8:16  Pylon  
  88  8:24  Immortal  
  92  8:35  Gateway  
  92  8:39  Gateway  
  92  8:40  Gateway x2  
  92  8:52  Robotics Bay  
  92  8:57  Stalker x3  
  92  8:58  Stalker  
  100  9:03  Immortal  
  104  9:13  Immortal  
  98  10:05  Stalker  
  98  10:06  Stalker x5  
  98  10:07  Stalker  
  112  10:11  Immortal  
  112  10:12  Immortal x2  
  120  11:17  Stalker x5  
  120  11:18  Stalker x2  
  132  11:21  Immortal x2  
  142  11:29  Probe (Chrono Boost)  
  142  11:31  Probe x2 (Chrono Boost)  
  145  11:38  Disruptor  
  149  11:40  Probe (Chrono Boost)  
Show
View Real Time Build Order
Export as new Build Order

Gracz Protoss 

Build Orders:  

Get SALT Encoding   

  12  0:02  Probe (Chrono Boost)  
  13  0:15  Probe (Chrono Boost)  
  14  0:26  Probe (Chrono Boost)  
  15  0:30  Pylon  
  15  0:53  Gateway  
  15  0:57  Gateway  
  15  1:03  Gateway  
  15  1:12  Probe (Chrono Boost)  
  16  1:23  Probe (Chrono Boost)  
  17  1:29  Assimilator  
  17  1:33  Assimilator, Probe (Chrono Boost)  
  18  1:42  Cybernetics Core  
  18  1:44  Probe (Chrono Boost)  
  19  1:54  Probe (Chrono Boost)  
  19  1:59  Zealot  
  22  2:05  Probe (Chrono Boost)  
  22  2:08  Warp Gate  
  23  2:10  Pylon  
  23  2:28  Zealot  
  25  2:52  Nexus  
  25  3:07  Pylon  
  25  3:24  Mothership Core (Chrono Boost)  
  27  3:27  Stargate  
  27  3:44  Probe (Chrono Boost)  
  29  3:56  Probe (Chrono Boost)  
  29  3:57  Gateway x2  
  29  4:12  Probe (Chrono Boost)  
  30  4:23  Probe (Chrono Boost)  
  30  4:24  Stargate  
  31  4:25  Stargate  
  31  4:33  Probe (Chrono Boost)  
  32  4:42  Assimilator  
  32  4:44  Assimilator  
  32  4:47  Probe (Chrono Boost)  
  32  4:50  Probe (Chrono Boost)  
  34  4:55  Stalker  
  34  4:56  Stalker x2  
  34  4:59  Probe (Chrono Boost)  
  41  5:00  Probe (Chrono Boost)  
  42  5:16  Void Ray, Twilight Council  
  46  5:27  Probe (Chrono Boost)  
  47  5:30  Probe (Chrono Boost)  
  48  5:38  Probe (Chrono Boost)  
  48  5:42  Probe (Chrono Boost)  
  50  5:48  Probe (Chrono Boost)  
  51  5:54  Probe (Chrono Boost)  
  52  5:59  Probe (Chrono Boost)  
  53  6:17  Stargate  
  53  6:18  Stargate  
  53  6:21  Stargate  
  53  6:24  Blink  
  53  6:27  Probe (Chrono Boost)  
  54  6:33  Pylon  
  54  6:35  Pylon  
  54  6:40  Pylon  
  54  6:42  Pylon  
  54  6:44  Forge  
  54  6:52  Probe (Chrono Boost)  
  54  6:53  Probe (Chrono Boost)  
  56  7:02  Probe (Chrono Boost)  
  56  7:05  Probe (Chrono Boost)  
  54  7:33  Stalker x2  
  54  7:34  Stalker x3  
  64  7:42  Gateway x2  
  64  7:46  Pylon  
  64  7:50  Pylon  
  64  7:53  Pylon  
  64  8:09  Nexus, Probe (Chrono Boost)  
  64  8:10  Probe (Chrono Boost)  
  64  8:12  Assimilator, Stalker x2  
  68  8:13  Stalker x2  
  68  8:15  Assimilator  
  68  8:19  Probe (Chrono Boost)  
  75  8:22  Probe (Chrono Boost)  
  76  8:27  Fleet Beacon  
  76  8:30  Probe (Chrono Boost)  
  77  8:49  Robotics Facility  
  77  8:50  Gateway x2  
  77  8:51  Robotics Facility  
  77  8:53  Protoss Shields Level 1  
  77  9:02  Probe (Chrono Boost)  
  79  9:04  Probe (Chrono Boost)  
  79  9:16  Probe (Chrono Boost)  
  86  9:17  Probe (Chrono Boost)  
  87  9:28  Probe x2 (Chrono Boost)  
  87  9:40  Probe (Chrono Boost)  
  68  10:04  Tempest  
  46  10:21  Tempest x2  
  40  10:22  Pylon  
  40  10:24  Pylon  
  40  10:27  Pylon  
  33  10:38  Pylon  
  30  10:44  Stalker  
Tags
 
Add a new tag
Caveats
  • Supply blocks, unpowered buildings, or Contaminate may cause inaccurate times.
  • Supply counts are checked every 10 seconds.